 Dungeon Crawl Stone Soup version 0.24.0-123-gd5b16e6ec5 (webtiles) character file.

Game seed: 9564185391594442946, levelgen mode: deterministic

251 glosham the Skirmisher (level 5, -1/47 HPs)
             Began as a Mummy Abyssal Knight on Jan 15, 2020.
             Was a Believer of Lugonu.
             Slain by a scorpion (8 damage)
             ... on level 4 of the Dungeon.
             The game lasted 00:39:10 (2230 turns).

glosham the Skirmisher (Mummy Abyssal Knight)       Turns: 2230, Time: 00:39:10

Health: -1/47      AC: 10    Str: 16    XL:     5   Next: 88%
Magic:  6/6        EV: 10    Int: 11    God:    Lugonu [**....]
Gold:   97         SH:  0    Dex: 12    Spells: 4/4 levels left

rFire    x . .     SeeInvis .   b - +1 spear
rCold    + . .     Gourm    .   (no shield)
rNeg     + + +     Faith    .   X - +1 ring mail
rPois    ∞         Spirit   .   U - +0 helmet (curse)
rElec    .         Reflect  .   (no cloak)
rCorr    .         Harm     .   (no gloves)
MR       .....                  W - +2 pair of boots
Stlth    +.........             (no amulet)
HPRegen  0.15/turn              (no ring)
MPRegen  0.10/turn              (no ring)

@: no status effects
A: no food or potions, fire vulnerability, cold resistance 1, negative energy
resistance 3, torment resistance, unbreathing
a: Depart the Abyss, Bend Space, Renounce Religion


You were on level 4 of the Dungeon.
You worshipped Lugonu.
Lugonu was pleased with you.
You were not hungry.

You visited 1 branch of the dungeon, and saw 4 of its levels.
You visited the Abyss 1 time.

You collected 97 gold pieces.

Inventory:

Hand Weapons
 a - a +0 trident
 b - a +1 spear (weapon)
Missiles
 c - 10 poisoned darts
 e - a boomerang of dispersal
 f - 7 boomerangs (quivered)
 g - 175 stones
 i - 42 arrows
 j - 49 bolts
Armour
 k - a +0 scale mail
 U - a cursed +0 helmet (worn)
 W - a +2 pair of boots (worn)
 X - a +1 ring mail (worn)
Wands
 h - a wand of polymorph (4)
Scrolls
 d - a scroll of immolation
 l - a scroll of blinking
 m - a scroll of random uselessness {unknown}
 o - 2 scrolls of remove curse
 p - 2 scrolls of identify


   Skills:
 * Level 6.7 Fighting
 - Level 1.5 Polearms
 - Level 1.5 Armour
 - Level 0.7 Dodging
 - Level 1.5 Invocations


You had 4 spell levels left.
You didn't know any spells.
Your spell library was empty.

Dungeon Overview and Level Annotations

Branches:
Dungeon (4/15)
 Temple: D:4-7

Altars:
Xom


Innate Abilities, Weirdness & Mutations

You do not eat or drink.
Your flesh is vulnerable to fire.
You are immune to poison.
Your flesh is cold resistant. (rC+)
You are immune to negative energy. (rN+++)
You are immune to unholy pain and torment.
You can survive without breathing.


Message History

The scorpion is moderately wounded.
The scorpion stings you.
Your ring mail prevents you from hitting the scorpion.
The scorpion is moderately wounded.
The scorpion barely misses you.
You hit the scorpion but do no damage.
The scorpion is moderately wounded.
The scorpion closely misses you.
The scorpion stings you but does no damage.
You closely miss the scorpion.
The scorpion is moderately wounded.
The scorpion stings you!
You barely miss the scorpion.
The scorpion is moderately wounded.
The scorpion stings you but does no damage.
You completely miss the scorpion.
The scorpion is moderately wounded.
The scorpion stings you but does no damage.
You hit the scorpion but do no damage.
The scorpion is moderately wounded.
The scorpion stings you!
* * * LOW HITPOINT WARNING * * *
The scorpion stings you but does no damage.
You hit the scorpion.
The scorpion is moderately wounded.
The scorpion stings you but does no damage.
b - a +1 spear (weapon)
You hit the scorpion.
The scorpion is heavily wounded.
The scorpion misses you.
You hit the scorpion but do no damage.
The scorpion is heavily wounded.
The scorpion stings you but does no damage.
You hit the scorpion.
The scorpion is severely wounded.
The scorpion closely misses you.
You closely miss the scorpion.
The scorpion is severely wounded.
The scorpion stings you!
You die...

##### #......#..........#
#...####..[.....########.#####
#...............# #...!..
####...####.......## #######
.................##
#####.#######....# #.## ####.#
#..# #.# ##.# ###@######## #.#
#...s......# #.# #.#.#''#.#.#
##.#######...#..#
#####..........######
.......######..+ ####...# #..+
#...# #..# #...# #...


You could see a scorpion.

Vanquished Creatures
  A jelly (D:4)
  Natasha (thrice) (D:2)
  A hound skeleton (D:4)
  7 adders
  A dart slug (D:1)
  3 leopard geckos (D:3)
  3 orcs (D:3)
  4 giant cockroaches
  12 goblins
  7 hobgoblins
  12 jackals
  3 bats (D:3)
  2 frilled lizards
  4 rats
63 creatures vanquished.

Vanquished Creatures (others)
  A lurking horror (Abyss:2)
1 creature vanquished.

Grand Total: 64 creatures vanquished

Notes
Turn   | Place    | Note
-------+----------+-------------------------------------------
     0 | Abyss:1  | glosham the Mummy Abyssal Knight began the quest for the
                  | Orb.
     0 | Abyss:1  | Reached XP level 1. HP: 18/18 MP: 2/2
    82 | Abyss:2  | Noticed a black bear
    97 | Abyss:2  | Noticed a quasit
   103 | Abyss:2  | Noticed a large abomination
   134 | Abyss:2  | Noticed a smoke demon
   140 | D:1      | Escaped the Abyss
   205 | D:1      | Reached * piety under Lugonu
   339 | D:1      | Reached XP level 2. HP: 10/25 MP: 3/3
   416 | D:1      | Reached skill level 4 in Fighting
   648 | D:1      | Reached XP level 3. HP: 24/30 MP: 4/4
  1055 | D:2      | Found a shimmering altar of Xom.
  1148 | D:2      | Noticed Natasha
  1157 | D:2      | Killed Natasha
  1157 | D:2      | Reached skill level 5 in Fighting
  1157 | D:2      | Reached XP level 4. HP: 19/39 MP: 5/5
  1197 | D:2      | Found a faded altar of an unknown god.
  1297 | D:2      | Noticed Natasha
  1307 | D:2      | Killed Natasha
  1457 | D:3      | Reached ** piety under Lugonu
  1523 | D:3      | Reached XP level 5. HP: 46/46 MP: 6/6
  1795 | D:3      | Reached skill level 6 in Fighting
  1896 | D:2      | Noticed Natasha
  1910 | D:2      | Killed Natasha
  2230 | D:4      | Slain by a scorpion

Levels and vault maps discovered:
D:1:      dpeg_arrival_shrine, layout_basic
D:2:      layout_rooms, overflow_temple_1_default,
          chequers_ecumenical_altar_simple_redux, first_ration, uniq_natasha
D:3:      layout_basic
D:4:      layout_loops_ring, kennysheep_little_box, minmay_mini_jars

Skill      XL: |  1  2  3  4  5 |
---------------+----------------+-----
Fighting       | 4 5 6 |  6.7
Polearms       | |  1.5
Armour         | |  1.5
Dodging        | |  0.7
Invocations    | |  1.5

Action                   |  1- 3 |  4- 6 || total
-------------------------+-------+-------++-------
Melee: Spear             |   128 |     4 ||   132
       Trident           |       |   142 ||   142
Throw: Boomerang         |     6 |     3 ||     9
       Stone             |     6 |       ||     6
Invok: Depart the Abyss  |     1 |       ||     1
Evoke: Wand              |     2 |       ||     2
  Use: Scroll            |     6 |     1 ||     7
Armor: Leather armour    |    14 |       ||    14
       Ring mail         |    43 |    62 ||   105
Dodge: Dodged            |    56 |    61 ||   117

Table legend:
 A = Turns spent in this place as a percentage of turns spent in the entire game.
 B = Non-inter-level travel turns spent in this place as a percentage of non-inter-level travel turns spent in the entire game.
 C = Inter-level travel turns spent in this place as a percentage of turns spent in this place.
 D = Turns resting spent in this place as a percentage of non-inter-level travel turns spent in this place.
 E = Turns spent auto-exploring this place as a percentage of non-inter-level travel turns spent in this place.
 F = Non-inter-level travel turns spent in this place divided by the number of levels of this place that you've seen.
                   A       B       C       D       E      F
               +-------+-------+-------+-------+-------+----------------------
         Total | 100.0 | 100.0 |   6.3 |   1.7 |   3.5 | 348.2
       Dungeon |  93.7 |  93.3 |   6.7 |   1.8 |   3.8 | 487.2
         Abyss |   6.3 |   6.7 |   0.0 |   0.0 |   0.0 |  70.0
               +-------+-------+-------+-------+-------+----------------------

Table legend:
 A = Kills in this place as a percentage of kills in entire the game.
 B = Kills by you in this place as a percentage of kills by you in the entire game.
 C = Kills by friends in this place as a percentage of kills by friends in the entire game.
 D = Other kills in this place as a percentage of other kills in the entire game.
 E = Experience gained in this place as a percentage of experience gained in the entire game.
 F = Experience gained in this place divided by the number of levels of this place that you have seen.
                   A       B       C       D       E      F
               +-------+-------+-------+-------+-------+----------------------
         Total | 100.0 | 100.0 |   N/A |   N/A | 100.0 |  59.8
       Dungeon | 100.0 | 100.0 |   N/A |   N/A | 100.0 |  89.8
               +-------+-------+-------+-------+-------+----------------------

Levels and vault maps discovered:
D:1:      dpeg_arrival_shrine, layout_basic
D:2:      layout_rooms, overflow_temple_1_default,
          chequers_ecumenical_altar_simple_redux, first_ration, uniq_natasha
D:3:      layout_basic
D:4:      layout_loops_ring, kennysheep_little_box, minmay_mini_jars
